 Dungeon Crawl Stone Soup version 0.19.1 (webtiles) character file.

1948 keg the Basher (level 8, -2/71 HPs)
             Began as a Minotaur Fighter on Nov 30, 2016.
             Was a Follower of Okawaru.
             Slain by a wight
             ... wielding a +4 halberd
              (10 damage)
             ... on level 7 of the Dungeon.
             The game lasted 00:18:53 (5127 turns).

keg the Basher (Minotaur Fighter)                   Turns: 5127, Time: 00:18:54

Health: -2/71      AC: 11    Str: 24    XL:     8   Next: 98%
Magic:  7/7        EV:  8    Int:  5    God:    Okawaru [*.....]
Gold:   388        SH:  9    Dex:  3    Spells: 0 memorised, 7 levels left

rFire  . . .     SeeInvis .     a - +1 flail
rCold  . . .     Gourm    .     b - +0 scale mail
rNeg   . . .     Faith    .     c - +0 shield
rPois  .         Spirit   .     (helmet restricted)
rElec  .         Reflect  .     g - +0 cloak
rCorr  .         Harm     .     (no gloves)
MR     .....                    m - +1 pair of boots
Stlth  ..........               (no amulet)
                                (no ring)
                                v - -6 ring of dexterity

@: drained
A: retaliatory headbutt, horns 2
a: Heroism, Renounce Religion


You were on level 7 of the Dungeon.
You worshipped Okawaru.
Okawaru was aware of your devotion.
You were not hungry.

You visited 2 branches of the dungeon, and saw 8 of its levels.
You also visited: Ossuary.

You collected 388 gold pieces.

Inventory:

Hand Weapons
 a - a +1 flail (weapon)
Armour
 b - a +0 scale mail (worn)
 c - a +0 shield (worn)
 g - a +0 cloak (worn)
 m - a +1 pair of boots (worn)
Jewellery
 v - a -6 ring of dexterity (left hand)
Wands
 B - a wand of acid (7/15)
Scrolls
 e - a scroll of magic mapping
 j - a scroll of enchant weapon
 o - 2 scrolls of remove curse
 p - 3 scrolls of teleportation
 w - a scroll of immolation
 x - 2 scrolls of amnesia
Potions
 d - 6 potions of might
 h - 2 potions of curing
 i - 3 potions of resistance
 l - 2 potions of cure mutation
 n - 2 potions of brilliance
 q - 2 potions of cancellation {unknown}
 r - a potion of agility {unknown}
 t - a potion of degeneration {unknown}
 z - 2 potions of invisibility {unknown}
 A - a potion of ambrosia {unknown}
Comestibles
 f - 5 bread rations
 s - 2 meat rations


   Skills:
 + Level 6.7(5.5) Fighting
 * Level 8.6(7.4) Maces & Flails
 + Level 6.7(5.6) Armour
 + Level 4.8(3.7) Dodging
 + Level 6.8(5.7) Shields


You had 7 spell levels left.
You didn't know any spells.

Dungeon Overview and Level Annotations

Branches:
Dungeon (7/15)             Temple (1/1) D:6

Altars:
Ashenzari
Cheibriados
Dithmenos
Elyvilon
Fedhas
Gozag
Hepliaklqana
Kikubaaqudgha
Makhleb
Nemelex Xobeh
Okawaru
Qazlal
Ru
Sif Muna
Trog
Uskayaw
Vehumet
Xom
Yredelemnul
Zin
The Shining One

Shops:
D:7 =

Annotations:
D:3 1 runed door


Innate Abilities, Weirdness & Mutations

You reflexively headbutt those who attack you in melee.
You have a pair of horns on your head.


Message History

You miss the hound. The hound closely misses you. The wight barely misses you.
Your shield prevents you from hitting the hound.
You headbutt the hound.
The hound is lightly wounded.
The hound bites you but does no damage. You block the hound's attack.
The wight hits you but does no damage.
You closely miss the hound.
The hound is lightly wounded.
The hound barely misses you. You block the hound's attack.
The wight closely misses you.
You sock the hound!
You headbutt the hound, but do no damage.
The hound is severely wounded.
You block the hound's attack. The wight closely misses you.
The hound barely misses you.
You closely miss the hound.
The hound is severely wounded.
The hound bites you but does no damage.
The wight hits you from afar with an enchanted halberd!
You die...

.... ... ... ..
... ####
#####.######...
#...z.....##...
#...)..........
#..............
####..............
#@hzz........##...
#.##.........#####
#.##...∩........##
#.##.........##.##
#.#...........#.##
#.#.######.#..#.##
#........#.#.##.##
###.#..#.#.#......
#.#..#.#.#####..


You could see a hound and 2 wights.

Vanquished Creatures
  The ghost of smzp the Stinger, an amateur DrVM (D:4)
  Edmund (D:6)
  An ogre (D:4)
  A phantom (D:6)
  A centaur (D:7)
  The ghost of Mercurio the Sneak, an amateur OpAs of Gozag (D:3)
  An elf zombie (Ossuary)
  A bullfrog (D:6)
  3 wights (D:7)
  2 crimson imps
  3 centaur zombies
  A jelly (D:7)
  2 centaur skeletons
  2 hounds
  An orc priest (D:6)
  An iguana (D:6)
  8 orc wizards
  Natasha (twice) (D:3)
  6 worker ants
  A big kobold zombie (Ossuary)
  A killer bee zombie (D:4)
  2 mummies (Ossuary)
  6 gnolls
  A river rat (D:6)
  5 adders
  An ooze (D:4)
  2 adder skeletons
  2 adder zombies (Ossuary)
  3 worms
  3 dart slugs
  A leopard gecko (D:1)
  11 orcs
  2 ball pythons
  6 bats
  10 giant cockroaches
  5 goblins
  10 hobgoblins
  15 jackals
  5 kobolds
  3 quokkas (D:2)
  3 frilled lizards
  3 goblin zombies (Ossuary)
  8 hobgoblin zombies (Ossuary)
  10 kobold zombies (Ossuary)
  9 orc zombies (Ossuary)
  A quokka zombie (D:6)
  3 rats
  2 rat zombies (Ossuary)
173 creatures vanquished.

Vanquished Creatures (others)
  An orc wizard (D:6)
1 creature vanquished.

Grand Total: 174 creatures vanquished

Notes
Turn   | Place    | Note
-------+----------+-------------------------------------------
     0 | D:1      | keg the Minotaur Fighter began the quest for the Orb.
     0 | D:1      | Reached XP level 1. HP: 19/19 MP: 0/0
   109 | D:1      | Reached XP level 2. HP: 27/27 MP: 1/1
   253 | D:1      | Reached skill level 3 in Maces & Flails
   263 | D:1      | Found a shattered altar of Ashenzari.
   388 | D:1      | Reached XP level 3. HP: 33/33 MP: 2/2
   462 | D:2      | Found a sacrificial altar of Ru.
   466 | D:2      | Reached skill level 1 in Dodging
   777 | D:2      | Reached XP level 4. HP: 40/40 MP: 3/3
  1142 | D:3      | Noticed Mercurio's ghost (amateur OpAs)
  1151 | D:3      | Killed Mercurio's ghost
  1151 | D:3      | Reached skill level 4 in Maces & Flails
  1151 | D:3      | Reached XP level 5. HP: 42/47 MP: 4/4
  1173 | D:3      | Noticed Natasha
  1204 | D:3      | Killed Natasha
  1204 | D:3      | Reached skill level 5 in Fighting
  1245 | D:3      | Noticed Natasha
  1251 | D:3      | Killed Natasha
  1370 | D:3      | Reached XP level 6. HP: 56/56 MP: 5/5
  1692 | D:3      | Found a white marble altar of Elyvilon.
  1692 | D:3      | Noticed an angel
  1693 | D:3      | Found a runed door.
  1957 | D:4      | Noticed smzp's ghost (amateur DrVM)
  1974 | D:4      | Killed smzp's ghost
  1974 | D:4      | Reached skill level 5 in Maces & Flails
  1974 | D:4      | Reached skill level 5 in Shields
  2099 | D:4      | Reached XP level 7. HP: 42/61 MP: 6/6
  2503 | D:4      | Reached skill level 5 in Armour
  2974 | D:5      | Entered Level 5 of the Dungeon
  3028 | D:5      | Reached skill level 6 in Maces & Flails
  3291 | D:5      | Found a blossoming altar of Fedhas.
  3295 | D:5      | Found a hide-covered altar of Uskayaw.
  3297 | D:5      | Found a stormy altar of Qazlal.
  3297 | D:5      | Found a hazy altar of Hepliaklqana.
  3297 | D:5      | Found a glowing silver altar of Zin.
  3298 | D:5      | Found a shadowy altar of Dithmenos.
  3300 | D:5      | Found a deep blue altar of Sif Muna.
  3301 | D:5      | Found a radiant altar of Vehumet.
  3302 | D:5      | Found an opulent altar of Gozag.
  3693 | D:6      | Reached XP level 8. HP: 65/70 MP: 7/7
  3708 | D:6      | Found a staircase to the Ecumenical Temple.
  3746 | D:6      | Reached skill level 7 in Maces & Flails
  3806 | D:6      | Found a sand-covered staircase.
  3818 | Ossuary  | Entered an ossuary
  4177 | D:6      | Found a glowing drain.
  4323 | Temple   | Entered the Ecumenical Temple
  4431 | Temple   | Became a worshipper of Warmaster Okawaru
  4480 | D:6      | Reached skill level 8 in Maces & Flails
  4605 | D:6      | Noticed Edmund
  4621 | D:6      | Killed Edmund
  5044 | D:7      | Found Zitsyvak's Jewellery Emporium.
  5118 | D:7      | Reached * piety under Okawaru
  5127 | D:7      | Slain by a wight

Skill      XL: |  1  2  3  4  5  6  7  8 |
---------------+-------------------------+-----
Maces & Flails | 3 4 5 6 8 |  8.6
Fighting       | 4 5 6 |  6.7
Dodging        | 1 2 3 4 |  4.8
Shields        | 4 5 6 |  6.8
Armour         | 4 5 6 |  6.7

Action                   |  1- 3 |  4- 6 |  7- 9 || total
-------------------------+-------+-------+-------++-------
Melee: Flail             |    75 |   117 |   346 ||   538
       Headbutt          |    12 |    23 |    65 ||   100
  Use: Scroll            |     1 |     6 |    11 ||    18
       Potion            |       |       |     1 ||     1
 Stab: Paralysed         |     1 |       |       ||     1
  Eat: Meat ration       |       |     1 |     1 ||     2
       Bread ration      |       |       |     1 ||     1
       Beef jerky        |       |       |     2 ||     2
Armor: Scale mail        |    23 |    37 |   143 ||   203
Dodge: Dodged            |    25 |    48 |   123 ||   196
Block: Shield            |    52 |    55 |   199 ||   306
